 Dungeon Crawl Stone Soup version 0.15.2 (webtiles) character file.

1113 4tharraofdagon the Ruffian (level 8, -2/78 HPs)
             Began as a Troll Chaos Knight on Jan 20, 2015.
             Was a Plaything of Xom.
             Slain by an orc knight
             ... wielding a +0 glaive
              (15 damage)
             ... in a bailey.
             The game lasted 00:15:08 (2630 turns).

4tharraofdagon the Ruffian (Troll Chaos Knight)     Turns: 2630, Time: 00:15:08

HP  -2/78        AC 10     Str 21      XL: 8   Next: 12%
MP   3/3         EV  6     Int 10      God: Xom
Gold 186         SH 16     Dex  8      Spells:  0 memorised,  7 levels left

rFire  . . .     SeeInvis .       - Unarmed
rCold  . . .     Clarity  .     f - +2 steam dragon armour
rNeg   . . .     rCorr    .     e - +3 large shield of the Undertaker {+Rage Dex+3 Slay+3}
rPois  .         rRot     .     (helmet restricted)
rElec  .         Spirit   .     (no cloak)
SustAb .         Warding  .     (gloves unavailable)
rMut   .         Stasis   .     (boots unavailable)
Gourm  +                        (no amulet)
MR     .....                    y - ring of loudness
                                c - ring of loudness

@: about to teleport, very slightly contaminated, invisible, not resistant to
hostile enchantments, extremely unstealthy
A: unfitting armour, claws 3, clumsy 2, fast metabolism 3, gourmand,
regeneration 2, saprovore 2, shaggy fur 1, tough skin 2
a: Renounce Religion, Evoke Berserk Rage


You were in a bailey.
You worshipped Xom.
You were a toy of Xom.
You were very full.

You visited 2 branches of the dungeon, and saw 8 of its levels.
You also visited: Bailey.

You collected 186 gold pieces.

Inventory:

Armour
 e - the cursed +3 large shield of the Undertaker (worn) {+Rage Dex+3 Slay+3}
   (You found it in a bailey)

   It affects your dexterity (+3).
   It affects your accuracy and damage with ranged weapons and melee attacks
   (+3).
   It lets you go berserk.
   It has a curse placed upon it.
 f - a +2 steam dragon armour (worn)
Magical devices
 i - a wand of teleportation (4)
Comestibles
 a - 3 meat rations
 d - 3 bread rations
 w - 16 royal jellies
 z - a slice of pizza
Scrolls
 g - 2 scrolls of recharging
 r - a scroll of remove curse
Jewellery
 c - a ring of loudness (left claw)
 n - an uncursed ring of flight
 y - a ring of loudness (right claw)
Potions
 h - a potion of magic
 k - a potion of haste
 l - a potion of restore abilities
 q - a potion of brilliance
Books
 j - a Grand Grimoire {highlevel, unknown}

   This book is beyond your current level of understanding.

   Spells                             Type                      Level
   Aura of Abjuration                 Summoning                    6
   Forceful Dismissal                 Summoning                    6
   Summon Greater Demon               Summoning                    7
   Malign Gateway                     Summoning/Translocation      7
   Summon Horrible Things             Summoning                    8


   Skills:
 + Level 4.2 Fighting
 + Level 2.8 Armour
 + Level 3.8 Dodging
 * Level 2.7 Shields
 * Level 6.2 Unarmed Combat


You had 7 spell levels left.
You didn't know any spells.

Dungeon Overview and Level Annotations

Branches:
Dungeon (7/15)             Temple (1/1) D:5

Altars:
Cheibriados
Kikubaaqudgha
Makhleb
Okawaru
Sif Muna
Xom
Zin


Innate Abilities, Weirdness & Mutations

You are too large for most types of armour.
You have claws for hands.
Your metabolism is lightning-fast.
You like to eat raw meat.
You heal very quickly.
You can eat rotten meat.
You are covered in fur (AC +1).
You have very tough skin (AC +2).
You are very clumsy. (Dex -4)


Message History

Drink which item? (? for menu, Esc to quit)
You fade into invisibility!
You are very lightly contaminated with residual magic.
Unknown command.
Drink which item? (? for menu, Esc to quit)
Okay, then.
Read which item? (? for menu, Esc to quit)
Okay, then.
Evoke which item? (* to show all) (? for menu, Esc to quit)
Zapping:
i - a wand of teleportation (5)
Press: ? - help, Shift-Dir - straight line, f - you You feel strangely unstable.
Xom is mildly amused.
This wand has 4 charges left.
The orc knight hits you with a glaive!!
* * * LOW HITPOINT WARNING * * *
Unknown command.
Unknown command.
The orc knight hits you with a glaive!
You die...
Xom titters!

)...##.....# #####oo≈.#
########'##### ##o≈.#
..'#.........## #.≈.#
.##..≈≈≈≈§§≈§.## #..≈.#
##..≈≈.....§§§.## #..≈≈.#
#..≈≈...⌠.oo≈§..# #..≈≈.∩#
#..≈≈..⌠⌠⌠oo≈§..#+#..≈≈.##
##..≈≈....o≈≈..'#.##..≈≈
##..≈≈§§≈≈≈..##@..## ≈
##....§§...##.o...#
####'###+############
...)## ....##....
≈≈≈..##.∩.##..≈≈≈ ..≈≈))##
#..≈≈.. #..≈≈.)###..≈≈..#
##..≈≈...).≈≈..#
##..≈≈≈≈≈≈≈..##


You could see 3 orc knights and 3 orc warriors.

Vanquished Creatures
  A sky beast (D:5)
  A swamp drake (shapeshifter) (D:7)
  2 orc warriors (Bailey)
  Sigmund (D:2)
  2 giant frogs (D:6)
  3 crimson imps
  A giant frog skeleton (D:6)
  A hound (D:6)
  An orc wizard (D:4)
  An iguana (D:4)
  A worker ant (D:5)
  Natasha (twice) (D:3)
  Ijyb (D:3)
  Jessica (D:2)
  Terence (D:3)
  3 adders
  5 gnolls
  A giant mite (D:6)
  A shadow imp (D:5)
  A white imp (D:3)
  2 worms
  4 giant geckos
  2 oozes
  24 orcs
  A giant cockroach (D:3)
  6 hobgoblins
  3 quokkas
  3 bats
  4 giant newts
  A giant newt skeleton (D:4)
  9 goblins
  9 jackals
  9 kobolds
  6 rats
114 creatures vanquished.

Vanquished Creatures (collateral kills)
  A hound (D:4)
1 creature vanquished.

Grand Total: 115 creatures vanquished

Notes
Turn   | Place    | Note
--------------------------------------------------------------
     0 | D:1      | 4tharraofdagon, the Troll Chaos Knight, began the quest for the Orb.
     0 | D:1      | Reached XP level 1. HP: 22/22 MP: 1/1
    92 | D:2      | Noticed Jessica
   120 | D:2      | Killed Jessica
   120 | D:2      | Reached XP level 2. HP: 21/29 MP: 1/1
   144 | D:2      | Noticed Sigmund
   149 | D:2      | XOM: potion effect (haste)
   160 | D:2      | Reached XP level 3. HP: 36/36 MP: 2/2
   174 | D:2      | Killed Sigmund
   174 | D:2      | Reached skill level 1 in Armour
   174 | D:2      | Reached skill level 4 in Unarmed Combat
   174 | D:2      | Reached XP level 4. HP: 29/45 MP: 2/2
   395 | D:2      | XOM: silly message
   441 | D:3      | Noticed Ijyb
   446 | D:3      | Noticed Natasha
   456 | D:3      | XOM: harmless Conj miscast
   471 | D:3      | Killed Ijyb
   471 | D:3      | Reached XP level 5. HP: 53/53 MP: 2/2
   497 | D:3      | Killed Natasha
   557 | D:3      | XOM: potion effect (haste)
   597 | D:3      | Found a deep blue altar of Sif Muna.
   753 | D:3      | Found a glowing silver altar of Zin.
   754 | D:3      | Found a shimmering altar of Xom.
   754 | D:3      | Found an ancient bone altar of Kikubaaqudgha.
   824 | D:3      | Noticed Natasha
   841 | D:3      | Killed Natasha
   998 | D:4      | XOM: harmless Ice miscast
  1109 | D:4      | XOM: summons 3 friendly demons
  1113 | D:4      | Reached XP level 6. HP: 61/61 MP: 3/3
  1128 | D:4      | Found a burning altar of Makhleb.
  1212 | D:4      | Reached skill level 5 in Unarmed Combat
  1250 | D:3      | Noticed Terence
  1254 | D:3      | Killed Terence
  1343 | D:5      | Entered Level 5 of the Dungeon
  1398 | D:5      | Found a staircase to the Ecumenical Temple.
  1408 | Temple   | Entered the Ecumenical Temple
  1413 | D:5      | XOM: harmless Necr miscast
  1474 | D:5      | XOM: enchant monster (good)
  1502 | D:5      | XOM: harmless Necr miscast
  1574 | D:5      | XOM: cast spell 'Blink'
  1736 | D:6      | Reached XP level 7. HP: 68/68 MP: 3/3
  1827 | D:6      | Reached skill level 1 in Shields
  1829 | D:6      | XOM: medium Tloc miscast
  1853 | D:6      | XOM: confusion (+ monsters)
  1974 | D:6      | XOM: harmless Trmt miscast
  2006 | D:6      | XOM: 1-stop teleportation journey
  2089 | D:6      | Found a snail-covered altar of Cheibriados.
  2090 | D:6      | Found an iron altar of Okawaru.
  2117 | D:7      | XOM: stealth player
  2120 | D:7      | Found a flagged portal.
  2122 | D:7      | XOM: enchant monster (bad)
  2134 | D:7      | XOM: enchant monster (bad)
  2152 | D:7      | XOM: polymorph gnoll sergeant -> giant frog
  2157 | D:7      | Reached skill level 6 in Unarmed Combat
  2176 | Bailey   | Entered a bailey
  2384 | Bailey   | XOM: god gift: 15 royal jellies
  2418 | Bailey   | Reached XP level 8. HP: 25/78 MP: 3/3
  2418 | Bailey   | XOM: give mutations
  2418 | Bailey   | Gained mutation: You are clumsy. (Dex -2) [Xom's mischief]
  2418 | Bailey   | Gained mutation: You are very clumsy. (Dex -4) [Xom's mischief]
  2471 | Bailey   | Noticed an orc knight
  2478 | Bailey   | Noticed an orc knight
  2483 | Bailey   | XOM: colour smoke trail
  2542 | Bailey   | Got a jewelled large shield
  2567 | Bailey   | Identified the cursed +3 large shield of the Undertaker {+Rage Dex+3 Slay+3} (You found it in a bailey)
  2623 | Bailey   | Noticed an orc knight
  2630 | Bailey   | Slain by an orc knight

Action                   |  1- 3 |  4- 6 |  7- 9 || total
-------------------------+-------+-------+-------++-------
Melee: Unarmed           |    38 |   215 |   130 ||   383
Throw: Throwing net      |       |     1 |     1 ||     2
Evoke: Wand              |       |       |     1 ||     1
  Use: Scroll            |       |       |    16 ||    16
       Potion            |       |       |     1 ||     1
 Stab: Confused          |       |       |     1 ||     1
  Eat: Chunk             |       |    22 |     8 ||    30
